 Dungeon Crawl Stone Soup version 0.31-a0-848-gaac375c287 (webtiles) character file.

Game seed: 13413797448370263473

2932 IdlyInterested the Fighter (level 9, -6/68 HPs)
             Began as a Demonspawn Wanderer on Oct 4, 2023.
             Was a Follower of Hepliaklqana.
             Mangled by a wolf (7 damage)
             ... led by Grum
             ... on level 8 of the Dungeon.
             The game lasted 00:26:01 (6528 turns).

IdlyInterested the Fighter (Demonspawn Wanderer)    Turns: 6528, Time: 00:26:02

Health: -6/68      AC:  9    Str: 22    XL:     9   Next: 50%
Magic:  11/11      EV:  9    Int: 14    God:    Hepliaklqana [*.....]
Gold:   237        SH:  0    Dex: 13    Spells: 8/8 levels left

rFire   . . .        C - +5 dagger (speed)
rCold   . . .        (no shield)
rNeg    . . .        b - +0 chain mail
rPois   .            (no helmet)
rElec   .            x - scarf {repulsion}
rCorr   .            (gloves unavailable)
SInv    .            (no boots)
Will    .....        p - amulet of faith Stlth
                     m - ring of flight
HPRegen 0.31/turn    J - +6 ring of strength
MPRegen 0.12/turn

%: repel missiles, faith
@: flying
A: reduced essence, rugged brown scales 1, demonic magic 1, demonic touch 3
a: Renounce Religion, Recall Ancestor, Ancestor Identity


You were on level 8 of the Dungeon.
You worshipped Hepliaklqana.
Hepliaklqana was aware of your devotion.
You visited 2 branches of the dungeon, and saw 9 of its levels.

You collected 237 gold pieces.

Inventory:

Hand Weapons
 c - a +0 dagger
 A - a +0 falchion
 C - a +5 dagger of speed (weapon)
 P - a +2 short sword of venom
Missiles
 a - 4 boomerangs
 f - 5 javelins
 i - 71 stones (quivered)
 s - 3 throwing nets
 E - 3 poisoned darts
 G - 3 curare-tipped darts
 O - 6 datura-tipped darts
Armour
 b - a +0 chain mail (worn)
 n - a +0 ring mail
 x - a scarf of repulsion (worn)
 y - a +0 leather armour
 I - a +0 scale mail
Jewellery
 m - a ring of flight (left hand)
 p - an amulet of faith (around neck)
 F - an amulet of reflection
 J - a +6 ring of strength (right hand)
 N - an amulet of guardian spirit
Wands
 u - a wand of flame (28)
 B - a wand of digging (10)
 H - a wand of paralysis (2)
 Q - a wand of mindburst (12)
Scrolls
 h - 2 scrolls of enchant armour
 j - 2 scrolls of teleportation
 v - a scroll of revelation {unknown}
 w - a scroll of poison {unknown}
 K - a scroll of noise {unknown}
Potions
 d - 3 potions of brilliance
 e - a potion of mutation
 g - a potion of magic {unknown}
 k - a potion of degeneration {unknown}
 l - 3 potions of heal wounds
 o - a potion of enlightenment {unknown}
 q - a potion of resistance {unknown}
 r - 2 potions of curing
 t - a potion of might {unknown}
 z - a potion of lignification
 D - a potion of attraction
 L - a potion of haste
 M - a potion of cancellation {unknown}


   Skills:
 - Level 8.2 Fighting
 * Level 7.1 Short Blades
 - Level 3.0 Staves
 - Level 2.0 Throwing
 - Level 2.0 Armour
 - Level 2.0 Dodging
 - Level 4.0 Stealth
 + Level 3.4 Invocations
 - Level 4.0 Evocations


You had 8 spell levels left.
You didn't know any spells.
Your spell library contained the following spells:

 Spells                   Type           Power      Damage    Failure   Level
 Magic Dart               Conj           0%         1d3       89%         1
 Searing Ray              Conj           0%         2d4       96%         2
 Sublimation of Blood     Necr           0%         N/A       96%         2
 Wereblood                Tmut           0%         N/A       96%         2
 Fulminant Prism          Conj/Hex       0%         3d5       100%        4
 Haunt                    Necr/Summ      0%         N/A       100%        7
 Summon Hydra             Summ           0%         N/A       100%        7
 Borgnjor's Revivificati  Necr           0%         N/A       100%        8
 Death's Door             Necr           0%         N/A       100%        9


Dungeon Overview and Level Annotations

Branches:
Dungeon (8/15)             Temple (1/1) D:6
   Lair: D:8-11

Altars:
Ashenzari
Cheibriados
Dithmenos
Fedhas
Gozag
Hepliaklqana
Kikubaaqudgha
Makhleb
Nemelex Xobeh
Qazlal
Ru
Trog
Uskayaw
Vehumet
Yredelemnul
Lugonu

Shops:
D:7 :

Annotations:
D:8 Grum


Innate Abilities, Weirdness & Mutations

Your life essence is reduced to manifest your ancestor. (-10% HP)
You are partially covered in rugged brown scales. (AC +1, +3% HP)
Spells you cast may paralyse adjacent enemies.
Your touch may irresistibly damage your foes and sap their willpower.


Message History

There is a stone staircase leading down here.
You fly downwards.
There is a stone staircase leading up here.
You fly upwards.
There is a stone staircase leading down here.
There is an open door here.
There is an open door here.
There is an escape hatch in the floor here.
There is a stone staircase leading down here.
You fly downwards.
The kobold brigand shouts!
The wolf howls!
The wolf closely misses you.
The kobold brigand throws a poisoned dart.
The poisoned dart barely misses you.
The poisoned dart hits the wolf!
The wolf is poisoned.
The wolf bites you but does no damage.
There is a stone staircase leading up here.
The wolf barely misses you. x2
Grum hits you from afar with a -1 heavy glaive!!
The wolf attacks as it pursues you! The wolf bites you.
The wolf bites you but does no damage.
The kobold brigand throws a poisoned dart.
The poisoned dart closely misses you.
The poisoned dart barely misses Grum.
The wolf bites you.
Kendra barely misses the wolf.
Grum barely misses you.
You hit Grum. You punch Grum, but do no damage.
Grum is lightly wounded.
The wolf bites you. The wolf closely misses you.
You hit Grum.
Grum is lightly wounded.
The kobold brigand throws a poisoned dart.
The poisoned dart barely misses you.
The poisoned dart hits Grum.
Grum is poisoned.
Kendra misses the wolf.
You closely miss Grum.
You touch Grum!
You sap his willpower!
Grum is moderately wounded.
The wolf bites you. The wolf bites you but does no damage.
You hit Grum but do no damage.
You touch Grum!
You sap his willpower!
Grum is severely wounded.
The wolf bites you but does no damage. Grum hits you with a -1 heavy glaive!!
* * * LOW HITPOINT WARNING * * *
The wolf bites you!
You die...

...... #8....
## ...... ..#
......#####..#
...K.........#
.............#
.......R.....##
######.h......#
#@h......#
#.g......#
+........#
#........#
######.... ....
...


You could see the friendly Kendra the ancestor, Grum (poisoned, weak-willed), a
kobold brigand and 2 wolves.

Vanquished Creatures
  The ghost of IdlyInterested the Trooper, an amateur DsWn (D:4)
  Sigmund (D:2)
  A water moccasin (D:6)
  2 ice beasts
  3 black bears
  4 ogres (D:4)
  A centaur (D:6)
  3 phantoms
  4 bullfrogs
  2 scorpions
  5 howler monkeys
  5 orc priests
  4 hounds
  2 jellies
  Jessica (D:3)
  2 iguanas
  Ijyb (D:5)
  2 orc wizards
  4 gnolls (D:5)
  9 adders
  3 shadow imps
  2 white imps
  3 dart slugs
  16 orcs
  11 ball pythons
  5 endoplasms
  3 giant cockroaches
  10 hobgoblins
  4 jackals (D:2)
  2 quokkas
  4 bats
  3 frilled lizards
  6 goblins
  10 kobolds
  6 rats
145 creatures vanquished.

Vanquished Creatures (collateral kills)
  A centaur (D:7)
  An orc wizard (D:7)
2 creatures vanquished.

Vanquished Creatures (others)
  A human (D:4)
1 creature vanquished.

Grand Total: 148 creatures vanquished

Notes
Turn   | Place    | Note
-------+----------+-------------------------------------------
     0 | D:1      | IdlyInterested the Demonspawn Wanderer began the quest for
                  | the Orb.
     0 | D:1      | IdlyInterested set off with the following items: a +1
                  | quarterstaff, a +0 chain mail, a potion of invisibility.
     0 | D:1      | Reached XP level 1. HP: 18/18 MP: 1/1
   133 | D:1      | Reached skill level 1 in Throwing
   147 | D:1      | Gained mutation: You are partially covered in rugged brown
                  | scales. (AC +1, +3% HP) [demonic ancestry]
   147 | D:1      | Reached XP level 2. HP: 18/24 MP: 2/2
   454 | D:1      | Reached skill level 1 in Evocations
   672 | D:1      | Gained mutation: Your touch may inflict minor irresistible
                  | damage on your foes. [demonic ancestry]
   672 | D:1      | Reached XP level 3. HP: 29/29 MP: 3/3
  1041 | D:2      | Noticed Sigmund
  1052 | D:2      | Reached skill level 4 in Fighting
  1084 | D:2      | HP: 1/30 [Sigmund/+0 scythe (6)]
  1100 | D:2      | Killed Sigmund
  1101 | D:2      | Reached skill level 5 in Fighting
  1101 | D:2      | Gained mutation: Your touch may inflict irresistible damage
                  | on your foes. [demonic ancestry]
  1101 | D:2      | Reached XP level 4. HP: 7/40 MP: 4/4
  1101 | D:2      | Reached XP level 5. HP: 8/45 MP: 5/5
  1311 | D:2      | Found a faded altar of an unknown god.
  1677 | D:3      | Noticed a phantom
  1680 | D:3      | Found a basalt altar of Yredelemnul.
  1696 | D:3      | Killed a phantom
  1697 | D:3      | Reached skill level 6 in Fighting
  1697 | D:3      | Reached XP level 6. HP: 38/53 MP: 6/6
  2409 | D:3      | Noticed Jessica
  2423 | D:3      | Killed Jessica
  2673 | D:4      | Found a runed translucent gate.
  3014 | D:4      | Gained mutation: Your touch may irresistibly damage your
                  | foes and sap their willpower. [demonic ancestry]
  3014 | D:4      | Reached XP level 7. HP: 11/60 MP: 7/7
  3202 | D:4      | Found a runed translucent gate.
  3202 | D:4      | Found a runed translucent gate.
  3203 | D:4      | Noticed IdlyInterested's ghost (amateur DsWn)
  3241 | D:4      | Reached skill level 7 in Fighting
  3396 | D:4      | Found an opulent altar of Gozag.
  3471 | D:4      | Found a blossoming altar of Fedhas.
  3552 | D:4      | Found an ancient bone altar of Kikubaaqudgha.
  3562 | D:4      | Noticed a human
  3563 | D:4      | Killed a human
  3642 | D:4      | Killed IdlyInterested's ghost
  3643 | D:4      | Reached skill level 8 in Fighting
  3643 | D:4      | Gained mutation: Spells you cast may paralyse adjacent
                  | enemies. [demonic ancestry]
  3643 | D:4      | Reached XP level 8. HP: 53/70 MP: 8/8
  3646 | D:4      | Reached skill level 1 in Short Blades
  3755 | D:5      | Entered Level 5 of the Dungeon
  4356 | D:5      | Noticed Ijyb
  4362 | D:5      | Killed Ijyb
  4376 | D:5      | Found a burning altar of Makhleb.
  4559 | D:6      | Reached skill level 5 in Short Blades
  4661 | D:6      | Found a staircase to the Ecumenical Temple.
  4670 | Temple   | Entered the Ecumenical Temple
  4693 | Temple   | Became a worshipper of Hepliaklqana the Forgotten
  4883 | D:6      | Reached XP level 9. HP: 76/76 MP: 9/9
  4942 | D:6      | Found a sparkling altar of Nemelex Xobeh.
  5549 | D:7      | Reached skill level 1 in Invocations
  5607 | D:7      | Found Saubock's Self-Published Books.
  5699 | D:7      | Found a hide-covered altar of Uskayaw.
  5734 | D:7      | Reached * piety under Hepliaklqana
  5998 | D:7      | Found a radiant altar of Vehumet.
  6054 | D:7      | Found a broken altar of Ashenzari.
  6143 | D:7      | Found a shadowy altar of Dithmenos.
  6522 | D:8      | Noticed Grum
  6528 | D:8      | HP: 1/68 [Grum/-1 heavy glaive (29)]
  6528 | D:8      | Mangled by a wolf

Illustrated notes

Levels and vault maps discovered:
D:1:      lemuel_arrival_room, layout_loops_ring, patterned_corridor
D:2:      layout_rooms, hellmonk_ecumenical_altar_run_dry, uniq_sigmund
D:3:      layout_loops_ring, zin_academy, mainiacjoe_overflow_chevrons,
          uniq_jessica
D:4:      layout_rooms, tgw_kikubaaqudgha, fedhas_altar_fruit_tree,
          mainiacjoe_overflow_cross_hatched, gammafunk_ghost_split
D:5:      layout_rooms, makhleb_heckhound_becter, kennysheep_mini_moat,
          uniq_ijyb
D:6:      layout_loops_ring, kennysheep_mini, minmay_temple_entry_junction,
          minmay_misc_feat_four_crosses
D:7:      layout_basic, marbit_many_paths, mainiacjoe_overflow_brackets,
          general_overflow_altar, mainiacjoe_overflow_24_doors,
          nicolae_custom_books
D:8:      layout_gridville, mainiacjoe_overflow_catwalk, erik_lair_island,
          wad_dig_loot, uniq_grum
Temple:   corrupted_temple

Skill      XL: |  1  2  3  4  5  6  7  8  9 |
---------------+----------------------------+-----
Throwing       | 1 2 |  2.0
Evocations     | 1 2 3 4 |  4.0
Armour         | 2 |  2.0
Fighting       | 5 6 8 |  8.2
Staves         | 3 |  3.0
Short Blades   | 5 7 |  7.1
Dodging        | 2 |  2.0
Stealth        | 3 4 |  4.0
Invocations    | 3 |  3.4

Action                     |  1- 3 |  4- 6 |  7- 9 || total
---------------------------+-------+-------+-------++-------
  Melee: Quarterstaff      |    84 |   120 |       ||   204
         Short sword       |    15 |       |       ||    15
         Dagger            |     6 |    24 |   296 ||   326
         Touch             |     4 |     2 |    50 ||    56
         Punch             |       |       |     2 ||     2
  Throw: Stone             |       |     5 |    10 ||    15
  Evoke: Wand              |       |       |     2 ||     2
    Use: Potion            |     3 |     4 |     1 ||     8
         Scroll            |       |     2 |     1 ||     3
   Stab: Invisible         |     1 |     1 |       ||     2
 Armour: Chain mail        |    80 |   125 |   136 ||   341
  Dodge: Dodged            |    42 |    59 |    94 ||   195
  Block: Other             |       |       |    17 ||    17
         Reflection        |       |       |     1 ||     1

Table legend: (Time is in decaauts)
 A = Elapsed time spent in this place.
 B = Non-inter-level travel time spent in this place.
 C = Inter-level travel time spent in this place.
 D = Time resting spent in this place.
 E = Time spent auto-exploring this place.
 F = Levels seen in this place.
 G = Mean time per level.
                   A        B        C        D        E       F      G
               +--------+--------+--------+--------+--------+-----+--------+
         Total |   6408 |   5703 |    705 |    963 |   3128 |   9 |  712.0 |
       Dungeon |   6371 |   5684 |    687 |    963 |   3128 |   8 |  796.4 |
        Temple |     36 |     18 |     18 |      0 |      0 |   1 |   36.0 |
               +--------+--------+--------+--------+--------+-----+--------+

Top non-repeatable levels by time:
     D:4: 1039 daAuts
     D:3: 1034 daAuts
     D:6: 952 daAuts
     D:1: 926 daAuts
     D:7: 924 daAuts
     D:2: 791 daAuts
     D:5: 695 daAuts
  Temple: 36 daAuts
     D:8: 7 daAuts
